 Dungeon Crawl Stone Soup version 0.18.1-50-g88ac8fd (webtiles) character file.

403878 theElss the Slayer (level 23, -17/243 HPs)
             Began as a Gargoyle Berserker on Oct 16, 2016.
             Was the Champion of Trog.
             Killed from afar by a deep elf annihilator (24 damage)
             ... with an iron shot
             ... on level 3 of the Elven Halls.
             The game lasted 03:11:48 (56980 turns).

theElss the Slayer (Gargoyle Berserker)            Turns: 56980, Time: 03:11:48

Health: -17/243    AC: 46    Str: 34    XL:     23   Next: 36%
Magic:  31/31      EV: 12    Int: 10    God:    Trog [******]
Gold:   3359       SH: 19    Dex:  9    Spells: 0 memorised, 22 levels left

rFire  + . .     SeeInvis +     J - +7 mace "Memoixt" {crush, +Inv rElec rC+ SInv}
rCold  + + .     Gourm    +     y - +1 plate armour {rF+}
rNeg   + . .     Faith    .     A - +2 shield
rPois  ∞         Spirit   .     Y - +2 helmet
rElec  +         Dismiss  .     t - +0 cloak
rCorr  .         Reflect  .     n - +3 pair of gauntlets of War {Slay+5}
SustAt .         Harm     .     T - +2 pair of boots
MR     ++...                    W - amulet of the gourmand
Stlth  ..........               B - ring "Beakhe" {rC+ MR+}
                                w - +3 ring of slaying

@: berserking, flying, very quick, very resistant to hostile enchantments,
extremely unstealthy
A: big wings, negative energy resistance 1, electricity resistance, unbreathing,
petrification resistance, rot immunity, AC +17
a: Stop Flying, Berserk, Trog's Hand, Brothers in Arms, Burn Spellbooks,
Renounce Religion, Evoke Invisibility
}: 2/15 runes: decaying, gossamer


You were on level 3 of the Elven Halls.
You worshipped Trog.
Trog was exalted by your worship.
You were very full.

You visited 8 branches of the dungeon, and saw 43 of its levels.
You visited the Abyss 1 time.
You also visited: Ossuary, Ice Cave and Volcano.

You collected 4811 gold pieces.
You spent 1452 gold pieces at shops.

Inventory:

Hand Weapons
 J - the +7 mace "Memoixt" (weapon) {crush, +Inv rElec rC+ SInv}
   (Trog gifted it to you on level 3 of the Crypt)

   It inflicts extra damage upon your enemies.
   It protects you from cold.
   It insulates you from electricity.
   It lets you see invisible.
   It lets you turn invisible.
Armour
 n - the +3 pair of gauntlets of War (worn) {Slay+5}
   (You found it on level 3 of the Swamp)

   It affects your accuracy and damage with ranged weapons and melee attacks
   (+5).
 t - a +0 cloak (worn)
 y - a +1 plate armour of fire resistance (worn)
 A - a +2 shield (worn)
 T - a +2 pair of boots (worn)
 Y - a +2 helmet (worn)
Jewellery
 l - an uncursed ring of sustain attributes
 w - a +3 ring of slaying (left hand)
 B - the ring "Beakhe" (right hand) {rC+ MR+}
   (You found it on level 2 of the Lair of Beasts)

   [ring of protection from magic]

   It protects you from cold.
   It affects your resistance to hostile enchantments.
 W - an amulet of the gourmand (around neck)
Wands
 c - a wand of polymorph (6/24)
 i - a wand of slowing (21/48)
 L - a wand of disintegration (12/24)
 M - a wand of flame (32/48)
 P - a wand of iceblast (5/15)
 R - a wand of slowing (25/48)
 V - a wand of hasting (7/9)
 X - a wand of slowing (22/48)
Scrolls
 b - 4 scrolls of recharging
 h - 22 scrolls of identify
 j - 4 scrolls of fog
 q - 23 scrolls of remove curse
 r - 7 scrolls of fear
 u - 3 scrolls of blinking
 E - 13 scrolls of magic mapping
 G - 2 scrolls of summoning
 K - 19 scrolls of teleportation
 Q - 2 scrolls of holy word
Potions
 e - 17 potions of curing
 o - 3 potions of cancellation
 v - 5 potions of heal wounds
 C - 8 potions of haste
 H - 5 potions of resistance
Books
 m - the Catalogue of Conjuration
   (You found it on level 1 of the Elven Halls)

   Spells                             Type                      Level
   a - Mephitic Cloud                 Conjuration/Poison/Air       3
   b - Conjure Flame                  Conjuration/Fire             3
   c - Poisonous Cloud                Conjuration/Poison/Air       6
   Trog disapproves of the use of such an item.
Miscellaneous
 S - a lamp of fire
Comestibles
 a - a slice of pizza
 d - 9 chunks of flesh
 f - 61 fruits
 g - 19 meat rations
 k - 2 bread rations


   Skills:
 + Level 22.2 Fighting
 + Level 20.9 Maces & Flails
 + Level 12.2 Armour
 + Level 10.6 Dodging
 + Level 21.2 Shields
 + Level 11.0 Evocations


You had 22 spell levels left.
You didn't know any spells.

Dungeon Overview and Level Annotations

Branches:
Dungeon (15/15)            Temple (0/1) D:7            Lair (8/8) D:8
  Swamp (4/4) Lair:6       Spider (4/4) Lair:3        Slime (0/6) Lair:8
    Orc (2/2) D:10            Elf (3/3) Orc:2        Vaults (4/5) D:14
  Crypt (3/3) Vaults:3       Tomb (0/3) Crypt:3      Depths (0/5) D:15

Altars:
Kikubaaqudgha
Ru
Sif Muna
Yredelemnul
Zin
The Shining One
Beogh

Shops:
D:4 !   D:5 [   D:7 ??((*   D:11 !   Orc:1 =   Orc:2 *}!}   Elf:1 (
Vaults:1 !=:!(   Vaults:3 *


Innate Abilities, Weirdness & Mutations

You are resistant to torment.
Your stone body is resilient (AC +17).
You are immune to poison.
Your large and strong wings let you fly indefinitely.
You resist negative energy.
You are resistant to electric shocks.
You can survive without breathing.
You are immune to petrification.
You are immune to rotting.


Message History

Items here: ))) [[ a short sword; a scale mail; a rapier x2; a leather armour
There is a stone staircase leading up here.
The deep elf annihilator points at you and mumbles some strange words.
The crystal spear hits you!
* * * LOW HITPOINT WARNING * * *
Items here: )) [[ a long sword; a leather armour; a chain mail; a dagger The deep elf annihilator points at you and mumbles some strange words.
The crystal spear hits you!
* * * LOW HITPOINT WARNING * * *
Unknown command.
You sock the deep elf annihilator!
The deep elf annihilator is heavily wounded.
Unknown command.
A red film seems to cover your vision as you go berserk!
You feel yourself moving faster!
You feel mighty!
The deep elf annihilator gestures at you while chanting.
The iron shot hits you!
You die...

#########'#######
.................!.# .#
...................#...#
...................#...#
...................#...#
...................#...#
##########'########.#.....#
.....................^....#
............<..)@e..).....#
.............(..).)())..".#
########...############..##
#...# ..# #...# ..# #...#
..# #...# ..# #...# ..#
#...# ..e


You could see a deep elf annihilator.

Vanquished Creatures
  Mennas (Vaults:4)
  Frederick (Crypt:3)
  Saint Roka (Vaults:4)
  Arachne (Spider:2)
  2 liches (Crypt:3)
  Rupert (Lair:6)
  An Ice Fiend (IceCv)
  A deep elf master archer (Elf:3)
  An acid blob (Lair:8)
  2 deep elf blademasters (Elf:3)
  An ancient champion (Crypt:1)
  A sphinx (Vaults:2)
  2 thorn hunters
  3 tengu reavers
  An orc warlord (Orc:2)
  3 fire giants
  3 revenants
  Maud (Orc:1)
  9 vault wardens
  3 ghost moths
  2 deep elf sorcerers
  6 curse skulls
  7 emperor scorpions
  6 ghouls
  10 ironheart preservers
  A reaper (Crypt:2)
  4 vampire knights
  5 stone giants
  A very ugly thing (Swamp:4)
  The ghost of tognito the Severer, a journeyman MiBe of Trog (D:15)
  6 salamander stormcallers
  7 deep elf annihilators
  2 deep elf demonologists
  2 deep elf death magi
  10 vault guards
  5 ettins
  6 fire dragons
  8 eidola
  6 jiangshi
  A deep elf high priest (Elf:3)
  20 hydras
  An entropy weaver (Spider:3)
  3 great orbs of eyes
  2 ice dragons
  10 yaktaur captains
  3 rakshasas
  A quicksilver dragon skeleton (Crypt:1)
  2 ghost crabs
  The ghost of olma the Thrower, a novice TrBe of Trog (D:10)
  4 catoblepae
  3 death knights
  12 centaur warriors
  A spectral stone giant (Crypt:3)
  A deep troll shaman (Vaults:2)
  21 dancing weapons
  9 ogre magi
  6 alligators
  A deep troll earth mage (Vaults:2)
  2 tengu warriors (D:15)
  4 vampire magi
  2 orc high priests
  14 death yaks
  19 deep elf knights
  2 soul eaters (Crypt:1)
  10 skeletal warriors
  A fire crab (shapeshifter) (Vaults:2)
  2 salamander mystics (Vaults:4)
  24 shadow wraiths
  A titan skeleton (Crypt:2)
  6 fire crabs
  An unseen horror (D:10)
  7 flayed ghosts
  12 deep trolls
  A quicksilver dragon simulacrum (Crypt:2)
  7 swamp dragons
  2 anaconda zombies
  A spectral iron dragon (Crypt:3)
  A spriggan druid (Swamp:1)
  A shambling mangrove (Swamp:2)
  Pikel (D:5)
  9 ironbrand convokers
  3 necromancers
  21 phantasmal warriors
  10 hill giants
  A wizard (Vaults:3)
  20 harpies
  A spectral wolf spider (Crypt:3)
  12 deep elf archers
  53 deep elf magi
  8 orc knights
  17 orb spiders
  7 hornets
  A shadow dragon skeleton (Vaults:3)
  35 ugly things
  4 orc sorcerers
  2 moths of wrath
  8 cyclopes
  9 salamanders (Vaults:4)
  7 griffons
  A manticore (D:14)
  33 wolf spiders
  4 elephants
  A moth of wrath (shapeshifter) (Abyss:2)
  A frost giant zombie (Vaults:3)
  3 black mambas
  A salamander (shapeshifter) (Vaults:2)
  2 ice statues (IceCv)
  A smoke demon (Abyss:2)
  12 vault sentinels
  5 centaur skeletons
  Psyche (D:12)
  A dire elephant skeleton (Crypt:3)
  22 spiny frogs
  A gargoyle (D:12)
  2 torpor snails
  A death yak zombie (Crypt:3)
  29 yaktaurs
  A swamp worm zombie (Crypt:2)
  3 kobold demonologists
  A green draconian zombie (Crypt:1)
  A rime drake (Lair:6)
  3 human zombies
  14 demonic crawlers
  An efreet (D:14)
  15 freezing wraiths
  9 komodo dragons
  3 guardian mummies (Crypt:1)
  A queen bee (shapeshifter) (D:13)
  A grey draconian skeleton (Crypt:1)
  10 ice devils (IceCv)
  3 polar bears (D:8)
  2 anaconda simulacra (IceCv)
  16 trolls
  A catoblepas skeleton (Crypt:1)
  A hydra zombie (Crypt:1)
  36 jumping spiders
  2 golden dragon simulacra (IceCv)
  A hydra skeleton (Crypt:2)
  7 giant leeches
  9 bog bodies
  15 two-headed ogres
  An ice dragon zombie (Crypt:1)
  14 blink frogs
  A spectral manticore (Crypt:3)
  Sigmund (D:2)
  A stone giant simulacrum (Vaults:3)
  23 slime creatures
  11 boulder beetles
  9 flying skulls (Crypt:3)
  An air elemental (Elf:3)
  A ynoxinul (Abyss:2)
  70 redbacks
  11 shadows
  5 starcursed masses (Abyss:2)
  2 wyverns (Lair:4)
  5 water elementals
  A redback (shapeshifter) (Vaults:4)
  7 wraiths
  A basilisk (Lair:7)
  43 yaks
  8 spriggans
  32 tarantellas
  2 fire bats (Lair:4)
  Grum (D:9)
  A basilisk (shapeshifter) (D:14)
  A fire elemental (Swamp:4)
  2 hogs (shapeshifter)
  7 hungry ghosts
  5 steam dragons
  A hippogriff (shapeshifter) (Vaults:3)
  10 hippogriffs
  20 swamp worms
  2 harpy simulacra (IceCv)
  15 vampire mosquitoes
  3 wargs
  A glowing shapeshifter zombie (Crypt:3)
  4 hydra simulacra (IceCv)
  10 insubstantial wisps
  5 mottled dragons
  A torturous demonspawn zombie (Crypt:3)
  4 porcupines
  A water nymph skeleton (Crypt:2)
  20 water moccasins
  4 sky beasts
  8 ice beasts
  3 black bears
  4 necrophages
  39 orc warriors
  7 swamp drakes
  The ghost of nikopol the Skirmisher, an amateur MiBe of Trog (D:3)
  7 wasps
  2 phantoms
  46 ogres
  16 centaurs
  23 wolves
  A crocodile (shapeshifter) (Vaults:2)
  A swamp dragon skeleton (Crypt:1)
  2 big kobolds (D:10)
  25 crocodiles
  An elf zombie (Ossuary)
  A rime drake skeleton (Crypt:2)
  2 wyvern zombies
  22 giant frogs
  A hell hound zombie (Crypt:3)
  A salamander zombie (Crypt:2)
  An earth elemental (Elf:1)
  A gnoll sergeant (D:6)
  An elf simulacrum (Vaults:1)
  A spiny frog simulacrum (Crypt:1)
  6 scorpions
  A queen bee zombie (Crypt:1)
  A water moccasin skeleton (D:4)
  5 killer bees (D:11)
  3 human simulacra
  6 howler monkeys
  13 wights
  An electric eel (D:7)
  7 crimson imps
  A giant frog zombie (D:10)
  4 centaur zombies
  18 orc priests
  13 jellies
  A quasit (D:11)
  4 gnoll shamans
  2 hounds
  17 orc wizards
  A two-headed ogre skeleton (Crypt:2)
  Ijyb (D:2)
  A giant frog skeleton (D:6)
  2 human skeletons
  7 iguanas
  8 worker ants
  29 sheep
  A big kobold zombie (Ossuary)
  A naga skeleton (Crypt:3)
  2 hound zombies
  A hound skeleton (D:6)
  8 mummies
  2 worker ant zombies
  7 adders
  47 gnolls
  54 river rats
  4 shadow imps
  13 white imps
  2 ufetubi (D:8)
  26 oozes
  2 adder zombies
  An adder skeleton (D:6)
  2 dart slugs
  5 worms
  An adder simulacrum (D:8)
  10 giant geckos
  97 orcs
  15 bats
  A bat zombie (Crypt:2)
  6 giant cockroaches
  10 goblins
  13 hobgoblins
  31 jackals
  16 kobolds
  4 quokkas
  3 ball pythons
  A giant gecko simulacrum (D:8)
  2 giant gecko skeletons
  9 giant newts
  A giant newt zombie (Crypt:2)
  3 goblin zombies (Ossuary)
  A hobgoblin skeleton (Crypt:2)
  3 hobgoblin zombies (Ossuary)
  3 kobold zombies (Ossuary)
  2 quokka zombies
  7 rats
  2 briar patches (Swamp:2)
  A lost soul (Crypt:3)
  A plant (Lair:7)
2020 creatures vanquished.

Vanquished Creatures (collateral kills)
  A yaktaur captain (Vaults:4)
  An orc priest (Vaults:4)
  2 orcs (Vaults:4)
4 creatures vanquished.

Vanquished Creatures (others)
  A deep elf elementalist (Elf:3)
  An unseen horror (D:15)
  A swamp dragon (Swamp:4)
  A vault sentinel (Vaults:3)
  A giant leech (Swamp:4)
  2 jumping spiders
  A bog body (Crypt:2)
  A water elemental (Elf:1)
  A tarantella (Spider:4)
  A basilisk (Lair:7)
  3 steam dragons (Swamp:4)
  A centaur (D:5)
  A golden eye (shapeshifter) (Vaults:3)
  A swamp worm (Swamp:4)
  A sky beast (D:15)
  4 swamp drakes (Swamp:4)
  A slave (D:5)
  A hobgoblin zombie (Ossuary)
  18 fungi
  6 lost souls
  4 plants
52 creatures vanquished.

Grand Total: 2076 creatures vanquished

Notes
Turn   | Place    | Note
--------------------------------------------------------------
     0 | D:1      | theElss the Gargoyle Berserker began the quest for the Orb.
     0 | D:1      | Reached XP level 1. HP: 14/14 MP: 1/1
    81 | D:1      | Reached XP level 2. HP: 11/19 MP: 2/2
   503 | D:1      | Reached XP level 3. HP: 16/24 MP: 3/3
   920 | D:1      | Reached skill level 4 in Fighting
   921 | D:1      | Reached ** piety under Trog
  1169 | D:1      | Reached XP level 4. HP: 29/29 MP: 4/4
  1823 | D:2      | Noticed Sigmund
  1834 | D:2      | Killed Sigmund
  1834 | D:2      | Reached XP level 5. HP: 34/34 MP: 5/5
  1834 | D:2      | Reached XP level 6. HP: 39/39 MP: 6/6
  1954 | D:2      | Noticed Ijyb
  2013 | D:2      | Killed Ijyb
  2013 | D:2      | Reached *** piety under Trog
  2304 | D:3      | Noticed nikopol's ghost (amateur MiBe)
  2362 | D:3      | Killed nikopol's ghost
  2453 | D:3      | Reached XP level 7. HP: 38/44 MP: 7/7
  3070 | D:3      | Reached skill level 5 in Fighting
  3070 | D:3      | Reached skill level 5 in Maces & Flails
  3483 | D:4      | Reached **** piety under Trog
  3551 | D:4      | Reached XP level 8. HP: 12/50 MP: 8/8
  3892 | D:4      | Found Lyhef's Distillery.
  3913 | D:4      | Bought a potion of curing for 39 gold pieces
  3913 | D:4      | Bought a potion of brilliance for 52 gold pieces
  3913 | D:4      | Bought a potion of mutation for 32 gold pieces
  4049 | D:5      | Entered Level 5 of the Dungeon
  4478 | D:5      | Noticed Pikel
  4505 | D:5      | Killed Pikel
  4505 | D:5      | Reached skill level 6 in Fighting
  4505 | D:5      | Reached skill level 5 in Armour
  4505 | D:5      | Reached skill level 5 in Dodging
  4587 | D:5      | Found Luef's Antique Armour Emporium.
  4745 | D:5      | Got a crude ring mail
  4794 | D:5      | Reached XP level 9. HP: 13/56 MP: 9/9
  5314 | D:5      | Identified the +6 ring mail of the Chupacabra {Str-2 Int+4 Dex+8} (You found it on level 5 of the Dungeon)
  5408 | D:5      | Bought a pair of gloves for 90 gold pieces
  5561 | D:6      | Reached ***** piety under Trog
  5695 | D:6      | Found a glowing golden altar of the Shining One.
  5941 | D:6      | Found a sand-covered staircase.
  5953 | Ossuary  | Entered an ossuary
  6212 | Ossuary  | Reached skill level 7 in Fighting
  6909 | D:6      | Reached skill level 1 in Shields
  7229 | D:6      | Received a gift from Trog
  7342 | D:6      | Reached skill level 5 in Shields
  7502 | D:6      | Noticed a red ugly thing
  7582 | D:6      | Reached XP level 10. HP: 63/63 MP: 10/10
  7899 | D:7      | Found Luffejom's Assorted Antiques.
  7926 | D:7      | Found Puatular's Antique Weapon Shoppe.
  7958 | D:7      | Found a staircase to the Ecumenical Temple.
  8001 | D:7      | Found Dirch's Weapon Emporium.
  8232 | D:7      | Found Otoykk's Magic Scroll Shoppe.
  8241 | D:7      | Bought a scroll of fog for 26 gold pieces
  8317 | D:7      | Found Axte's Magic Scroll Emporium.
  8320 | D:7      | Bought a scroll of amnesia for 42 gold pieces
  8320 | D:7      | Bought a scroll of immolation for 42 gold pieces
  8485 | D:8      | Found a staircase to the Lair.
  8921 | D:8      | Noticed a death yak
  8979 | D:8      | Killed a death yak
  9322 | D:8      | Reached XP level 11. HP: 68/68 MP: 11/11
  9461 | D:9      | Noticed Grum
  9475 | D:8      | Reached skill level 8 in Fighting
  9643 | D:9      | Killed Grum
 10152 | D:9      | Found a glowing silver altar of Zin.
 10477 | D:10     | Entered Level 10 of the Dungeon
 10637 | D:10     | Reached ****** piety under Trog
 10803 | D:10     | Noticed olma's ghost (novice TrBe)
 10829 | D:10     | Killed olma's ghost
 11103 | D:10     | Noticed a hill giant
 11120 | D:10     | Killed a hill giant
 11120 | D:10     | Reached skill level 9 in Fighting
 11215 | D:10     | Killed an unseen horror
 11434 | D:10     | Reached skill level 10 in Maces & Flails
 11534 | D:10     | Found a staircase to the Orcish Mines.
 11601 | D:10     | Received a gift from Trog
 11850 | D:11     | Noticed a hill giant
 11858 | D:11     | Killed a hill giant
 11933 | D:11     | Noticed a cyan ugly thing
 11955 | D:11     | Killed a cyan ugly thing
 11955 | D:11     | Reached XP level 12. HP: 52/76 MP: 12/12
 12384 | D:11     | Found Icamuun's Distillery.
 12389 | D:11     | Bought a potion of invisibility for 120 gold pieces
 12389 | D:11     | Bought a potion of magic for 120 gold pieces
 12389 | D:11     | Bought a potion of berserk rage for 75 gold pieces
 12852 | D:12     | Noticed Psyche
 12863 | D:12     | Killed Psyche
 12935 | D:12     | Reached skill level 10 in Fighting
 13599 | D:7      | Bought a scroll of identify for 26 gold pieces
 13599 | D:7      | Bought a scroll of identify for 26 gold pieces
 13599 | D:7      | Bought a scroll of identify for 26 gold pieces
 13599 | D:7      | Bought a scroll of identify for 26 gold pieces
 13605 | D:7      | Identified a scroll of acquirement
 13657 | Lair:1   | Entered Level 1 of the Lair of Beasts
 13850 | Lair:1   | Got an ancient eveningstar
 13853 | Lair:1   | Identified the +5 eveningstar of Pride {flame, rElec} (You found it on level 1 of the Lair of Beasts)
 14556 | Lair:2   | Received a gift from Trog
 14795 | Lair:2   | Got a bound marble ring
 14797 | Lair:2   | Identified the ring "Beakhe" {rC+ MR+} (You found it on level 2 of the Lair of Beasts)
 14966 | Lair:2   | Noticed a four-headed hydra
 14973 | Lair:2   | Killed a four-headed hydra
 15218 | Lair:3   | Found a hole to the Spider Nest.
 15499 | Lair:3   | Reached XP level 13. HP: 80/84 MP: 4/13
 15517 | Lair:3   | Reached skill level 11 in Fighting
 15630 | Lair:3   | Received a gift from Trog
 15738 | Lair:3   | Found a dark tunnel.
 15757 | Volcano  | Entered a volcano
 16949 | Lair:4   | Reached skill level 10 in Dodging
 18122 | Lair:5   | Received a gift from Trog
 18422 | Lair:6   | Noticed Rupert
 18437 | Lair:6   | Killed Rupert
 18437 | Lair:6   | Reached skill level 10 in Shields
 18786 | Lair:6   | Found a staircase to the Swamp.
 19810 | Lair:7   | Gained mutation: Your large and strong wings let you fly indefinitely. [Gargoyle growth]
 19810 | Lair:7   | Reached XP level 14. HP: 90/90 MP: 14/14
 19904 | Lair:7   | Received a gift from Trog
 20489 | Lair:8   | Entered Level 8 of the Lair of Beasts
 20489 | Lair:8   | Found a sacrificial altar of Ru.
 20739 | Lair:8   | Found a staircase to the Slime Pits.
 21184 | Lair:8   | Noticed an acid blob
 21191 | Lair:8   | Killed an acid blob
 21629 | Lair:8   | Received a gift from Trog
 21910 | Lair:8   | Reached skill level 15 in Shields
 22423 | Lair:8   | Reached XP level 15. HP: 69/95 MP: 15/15
 22805 | Orc:1    | Entered Level 1 of the Orcish Mines
 22983 | Orc:1    | Found a roughly hewn altar of Beogh.
 23180 | Orc:2    | Entered Level 2 of the Orcish Mines
 23347 | Orc:2    | Noticed Maud
 23350 | Orc:1    | Received a gift from Trog
 23373 | Orc:1    | Killed Maud
 23448 | Orc:2    | Found a staircase to the Elven Halls.
 23749 | Orc:2    | Received a gift from Trog
 23798 | Orc:2    | Found Sisupiomn's Gadget Shoppe.
 23822 | Orc:2    | Found Rymurun's Distillery.
 23895 | Orc:2    | Noticed an orc warlord
 23916 | Orc:2    | Killed an orc warlord
 24088 | Orc:2    | Found Fiavif's Gadget Shop.
 24092 | Orc:2    | Found Oroawa's Assorted Antiques.
 24369 | Orc:1    | Found Uteiph's Jewellery Shoppe.
 24815 | Orc:1    | Bought an uncursed amulet of the gourmand for 360 gold pieces
 25032 | D:13     | Received a gift from Trog
 25032 | D:13     | Reached skill level 15 in Maces & Flails
 26181 | D:14     | Found a gate to the Vaults.
 26236 | D:14     | Reached XP level 16. HP: 97/100 MP: 16/16
 26900 | D:14     | Got a slimy mace
 26901 | D:14     | Identified the cursed +3 mace of Uvox Keu {speed, MP+9 Str-2 Int+8 Dex-3} (You found it on level 14 of the Dungeon)
 27039 | D:15     | Entered Level 15 of the Dungeon
 27127 | D:15     | Received a gift from Trog
 27163 | D:15     | Noticed tognito's ghost (journeyman MiBe)
 27467 | D:15     | Found a staircase to the Depths.
 27480 | D:15     | Killed tognito's ghost
 28500 | Swamp:1  | Entered Level 1 of the Swamp
 28954 | Swamp:1  | Received a gift from Trog
 29119 | Swamp:2  | Reached skill level 12 in Fighting
 29199 | Swamp:2  | Noticed a thorn hunter
 29213 | Swamp:2  | Killed a thorn hunter
 29490 | Swamp:2  | Found a frozen archway.
 29612 | IceCv    | Entered an ice cave
 29749 | IceCv    | Reached skill level 13 in Fighting
 30154 | IceCv    | Noticed an Ice Fiend
 30166 | IceCv    | Killed an Ice Fiend
 30166 | IceCv    | Reached XP level 17. HP: 36/109 MP: 17/17
 30170 | IceCv    | Got a dazzling flail
 30171 | IceCv    | Identified the +8 flail of Expedience {drain, rC+} (You found it in an ice cave)
 30182 | IceCv    | Got a brightly glowing dagger
 30582 | Swamp:2  | Identified the +10 dagger "Etto" {antimagic, Dex+4} (You found it in an ice cave)
 31447 | Swamp:3  | Reached skill level 14 in Fighting
 32263 | Swamp:4  | Entered Level 4 of the Swamp
 32533 | Swamp:4  | Reached skill level 15 in Fighting
 33461 | Swamp:4  | Reached skill level 16 in Fighting
 33570 | Swamp:4  | Got a decaying rune of Zot
 34107 | Spider:1 | Entered Level 1 of the Spider Nest
 34125 | Spider:1 | Received a gift from Trog
 34477 | Spider:1 | Reached skill level 17 in Fighting
 34884 | Spider:2 | Got a smoking helmet
 34895 | Spider:2 | Identified the -5 helmet "Dalie" {Str+3 Int+4} (You found it on level 2 of the Spider Nest)
 34967 | Spider:2 | Reached XP level 18. HP: 108/124 MP: 18/18
 35134 | Spider:2 | Noticed Arachne
 35148 | Spider:2 | Killed Arachne
 35569 | Spider:3 | Reached skill level 18 in Fighting
 35820 | Spider:3 | Received a gift from Trog
 36192 | Spider:3 | Got a brightly glowing shield
 36203 | Spider:3 | Identified the +1 shield of the Last Stars {rPois} (You found it on level 3 of the Spider Nest)
 36546 | Spider:4 | Entered Level 4 of the Spider Nest
 36842 | Spider:3 | Reached skill level 19 in Fighting
 37000 | Spider:3 | Received a gift from Trog
 37885 | Spider:4 | Reached skill level 20 in Fighting
 38427 | Spider:4 | Got a gossamer rune of Zot
 38618 | D:9      | Reached skill level 1 in Evocations
 38677 | D:11     | Received a gift from Trog
 38780 | Vaults:1 | Entered Level 1 of the Vaults
 38843 | Vaults:1 | Reached XP level 19. HP: 89/135 MP: 20/20
 39032 | Vaults:1 | Found Evuheaje's Jewellery Emporium.
 39041 | Vaults:1 | Found Wubromyi's Distillery.
 39467 | Vaults:1 | Found Qerch's Book Boutique.
 39488 | Vaults:1 | Reached skill level 5 in Evocations
 39491 | Vaults:1 | Found Xanefemiu's Distillery.
 39798 | Vaults:1 | Found Gejutoet's Weapon Boutique.
 40448 | Vaults:2 | Received a gift from Trog
 41203 | Vaults:2 | Reached skill level 10 in Evocations
 41767 | Vaults:2 | Received a gift from Trog
 42358 | Vaults:2 | Reached XP level 20. HP: 141/141 MP: 28/28
 42558 | Vaults:3 | Found a staircase to the Crypt.
 42558 | Vaults:3 | Found an ancient bone altar of Kikubaaqudgha.
 42559 | Vaults:3 | Found a basalt altar of Yredelemnul.
 42608 | Vaults:3 | Received a gift from Trog
 42783 | Vaults:3 | Cast into level 2 of the Abyss (a deep elf demonologist)
 42908 | Vaults:3 | Escaped the Abyss
 43181 | Vaults:3 | Found Ydycvuymn's Assorted Antiques.
 43451 | Vaults:3 | Received a gift from Trog
 44347 | Vaults:3 | Found a deep blue altar of Sif Muna.
 44655 | Crypt:1  | Entered Level 1 of the Crypt
 46166 | Crypt:2  | Reached XP level 21. HP: 115/148 MP: 29/29
 46291 | Crypt:2  | Received a gift from Trog
 46410 | Crypt:2  | Reached skill level 21 in Fighting
 47305 | Crypt:3  | Entered Level 3 of the Crypt
 47398 | Crypt:3  | Found a staircase to the Tomb.
 47756 | Crypt:3  | Noticed Frederick
 47770 | Crypt:3  | Killed Frederick
 47791 | Crypt:3  | Reached skill level 10 in Armour
 48693 | Crypt:3  | Found a basalt altar of Yredelemnul.
 49384 | Vaults:4 | Reached XP level 22. HP: 63/155 MP: 30/30
 49981 | Crypt:3  | Received a gift from Trog
 49987 | Crypt:3  | Got a twisted mace {god gift}
 49988 | Crypt:3  | Identified the +7 mace "Memoixt" {crush, +Inv rElec rC+ SInv} (Trog gifted it to you on level 3 of the Crypt)
 50390 | Vaults:4 | Noticed Saint Roka
 51152 | Vaults:4 | Killed Saint Roka
 51995 | Vaults:4 | Received a gift from Trog
 52479 | Vaults:4 | Noticed Mennas
 52611 | Vaults:4 | Killed Mennas
 53874 | Elf:1    | Entered Level 1 of the Elven Halls
 54059 | Elf:1    | Identified the Catalogue of Conjuration
 54155 | Elf:1    | Received a gift from Trog
 54202 | Elf:1    | Found Ostibb's Weapon Shoppe.
 54606 | Elf:2    | Found a runed gate.
 54608 | Elf:2    | Found a runed gate.
 54608 | Elf:2    | Found a runed gate.
 54769 | Elf:2    | Reached skill level 22 in Fighting
 54890 | Elf:2    | Reached XP level 23. HP: 125/162 MP: 31/31
 55007 | Elf:2    | Received a gift from Trog
 55950 | Orc:2    | Bought a potion of heal wounds for 145 gold pieces
 55955 | Orc:2    | Bought a potion of heal wounds for 70 gold pieces
 56038 | D:11     | Bought a potion of heal wounds for 75 gold pieces
 56147 | Vaults:1 | Bought a potion of heal wounds for 60 gold pieces
 56387 | Elf:3    | Entered Level 3 of the Elven Halls
 56978 | Elf:3    | HP: 4/162 [deep elf annihilator/crystal spear (34)]
 56980 | Elf:3    | Killed from afar by a deep elf annihilator

Skill      XL: |  1  2  3  4  5  6  7  8  9 10 11 12 13 14 15 16 17 18 19 20 21 22 23 |
---------------+----------------------------------------------------------------------+-----
Fighting       | 4 5 6 7 9 10 11 13 17 20 21 22 | 22.2
Dodging        | 2 3 4 5 6 8 9 10 | 10.6
Maces & Flails | 4 5 6 7 8 10 11 12 16 18 19 20 | 20.9
Armour         | 3 4 5 6 7 8 9 10 11 12 | 12.2
Shields        | 5 9 12 16 18 19 20 21 | 21.2
Evocations     | 2 11 | 11.0

Action                   |  1- 3 |  4- 6 |  7- 9 | 10-12 | 13-15 | 16-18 | 19-21 | 22-24 || total
-------------------------+-------+-------+-------+-------+-------+-------+-------+-------++-------
Melee: Mace              |    89 |   154 |   382 |       |       |       |       |  1043 ||  1668
       Flail             |       |       |   317 |   715 |       |  1208 |  2087 |    58 ||  4385
       Morningstar       |       |       |       |   114 |    37 |       |       |       ||   151
       Eveningstar       |       |       |       |    67 |  1196 |   518 |       |       ||  1781
Invok: Berserk           |     1 |     2 |     3 |    11 |     5 |     8 |     2 |     7 ||    39
       Trog's Hand       |       |       |     1 |     1 |       |       |     4 |     1 ||     7
       Brothers in Arms  |       |       |       |       |       |       |       |     1 ||     1
 Abil: Fly               |       |       |       |       |     1 |     1 |       |       ||     2
  Use: Scroll            |       |       |     7 |    19 |     2 |     4 |     1 |       ||    33
       Potion            |       |       |       |       |       |       |     1 |     1 ||     2
 Stab: Distracted        |     1 |       |       |       |       |       |       |       ||     1
       Petrified         |       |       |       |       |     3 |       |       |       ||     3
       Confused          |       |       |       |       |     1 |       |       |       ||     1
  Eat: Chunk             |     2 |     6 |    21 |    39 |    52 |    53 |    37 |    46 ||   256
       Fruit             |       |       |     1 |       |     3 |       |       |       ||     4
Armor: Animal skin       |    15 |       |       |       |       |       |       |       ||    15
       Ring mail         |    35 |    75 |   329 |   305 |   317 |   419 |       |       ||  1480
       Plate armour      |       |       |       |       |       |   489 |   992 |   529 ||  2010
Dodge: Dodged            |    58 |    98 |   510 |   580 |   608 |   798 |   482 |   262 ||  3396
Block: Buckler           |       |       |    54 |   293 |    65 |       |       |       ||   412
       Shield            |       |       |       |       |   797 |  1528 |  1471 |   824 ||  4620
